 Dungeon Crawl Stone Soup version 0.24-a0-584-g9d6b971ae4 (webtiles) character file.

Game seed: 13885198270487700796, levelgen mode: deterministic

1765 Gynju the Chiller (level 8, -5/52 HPs)
             Began as a Demonspawn Ice Elementalist on Sept 6, 2019.
             Was a Follower of Kikubaaqudgha.
             Slain by a wight
             ... wielding a +4 halberd
              (7 damage)
             ... on level 5 of the Dungeon.
             The game lasted 00:21:47 (9823 turns).

Gynju the Chiller (Demonspawn Ice Elementalist)     Turns: 9823, Time: 00:21:48

Health: -5/52      AC: 10    Str:  9    XL:     8   Next: 79%
Magic:  0/18       EV: 11    Int: 18    God:    Kikubaaqudgha [*.....]
Gold:   332        SH:  0    Dex: 14    Spells: 16/20 levels left

rFire    x . .     SeeInvis .   A - +0 whip (flame)
rCold    + . .     Gourm    .   (no shield)
rNeg     . . .     Faith    .   a - +0 robe
rPois    .         Spirit   +   k - +0 helmet (curse)
rElec    .         Reflect  .   (no cloak)
rCorr    .         Harm     .   (no gloves)
MR       .....                  D - +0 pair of boots
Stlth    ++........             (no amulet)
HPRegen  0.17/turn              n - ring of ice
MPRegen  0.16/turn              r - ring of stealth (curse)

@: very heavily drained
A: claws 1, iridescent scales 3, powered by death 1, magic shield
a: Receive Corpses, Renounce Religion


You were on level 5 of the Dungeon.
You worshipped Kikubaaqudgha.
Kikubaaqudgha was aware of your devotion.
You were not hungry.

You visited 2 branches of the dungeon, and saw 8 of its levels.

You collected 332 gold pieces.

Inventory:

Hand Weapons
 A - a +0 whip of flaming (weapon)
Missiles
 m - 127 stones (quivered)
Armour
 a - a +0 robe (worn)
 k - a cursed +0 helmet (worn)
 D - a +0 pair of boots (worn)
Jewellery
 n - a ring of ice (left claw)
 r - a cursed ring of stealth (right claw)
Wands
 p - a wand of polymorph (11)
 t - a wand of enslavement (3)
 y - a wand of paralysis (22)
 C - a wand of acid (10)
Scrolls
 b - 6 scrolls of remove curse {unknown}
 e - a scroll of random uselessness {unknown}
 f - 2 scrolls of enchant armour {unknown}
 h - 6 scrolls of identify {unknown}
 j - 3 scrolls of teleportation {unknown}
 l - a scroll of amnesia {unknown}
 o - 2 scrolls of fear {unknown}
 s - a scroll of immolation {unknown}
 B - 2 scrolls of enchant weapon {unknown}
 G - a scroll of noise {unknown}
Potions
 d - a potion of magic {unknown}
 g - a potion of mutation {unknown}
 i - a potion of degeneration {unknown}
 q - 3 potions of lignification {unknown}
 u - a potion of brilliance {unknown}
 v - 3 potions of flight {unknown}
 w - a potion of invisibility {unknown}
 x - a potion of berserk rage {unknown}
 z - a potion of curing {unknown}
 F - a potion of might {unknown}
Comestibles
 c - 6 rations


   Skills:
 - Level 1.7(0.0) Dodging
 - Level 1.7(0.0) Stealth
 + Level 6.8(3.4) Spellcasting
 - Level 1.0(0.0) Conjurations
 + Level 5.4(2.2) Necromancy
 + Level 7.1(3.7) Ice Magic


You had 16 spell levels left.
You knew the following spells:

 Your Spells              Type           Power        Failure   Level  Hunger
a - Freeze                Ice            ###.         3%          1    None
b - Throw Frost           Conj/Ice       ##....       11%         2    ##.....
c - Animate Skeleton      Necr           N/A          6%          1    None

Your spell library contained the following spells:

 Spells                   Type           Power        Failure   Level  Hunger
 Pain                     Necr           ##..         6%          1    None
 Sublimation of Blood     Necr           ##........   10%         2    ##.....
 Magic Dart               Conj           #...         16%         1    None
 Vampiric Draining        Necr           ##........   19%         3    ###....
 Ozocubu's Armour         Chrm/Ice       ##......     22%         3    ###....
 Blink                    Tloc           N/A          24%         2    ##.....
 Call Imp                 Summ           #.......     24%         2    ##.....
 Slow                     Hex            #.......     24%         2    ##.....
 Conjure Flame            Conj/Fire      #.......     43%         3    ###....
 Mephitic Cloud           Conj/Pois/Air  #.......     43%         3    ###....
 Summon Ice Beast         Ice/Summ       ##......     58%         4    ####...
 Throw Icicle             Conj/Ice       ##......     58%         4    ####...


Dungeon Overview and Level Annotations

Branches:
Dungeon (7/15)             Temple (1/1) D:4

Altars:
Ashenzari
Dithmenos
Elyvilon
Gozag
Hepliaklqana
Kikubaaqudgha
Makhleb
Nemelex Xobeh
Okawaru
Qazlal
Ru
Sif Muna
Trog
Uskayaw
Xom
Yredelemnul
Zin
The Shining One

Annotations:
D:3 exclusion: Grinder, Grinder
D:4 Menkaure


Innate Abilities, Weirdness & Mutations

You have sharp fingernails.
You are completely covered in iridescent scales. (AC +6)
You regenerate a little health from kills.
When hurt, damage is shared between your health and your magic reserves.


Message History

The wight hits you with a +4 halberd!
* * * LOW HITPOINT WARNING * * *
You feel drained.
* * * LOW HITPOINT WARNING * * *
You hit the wight but do no damage.
The wight is heavily damaged.
The wight closely misses you.
You completely miss the wight.
The wight is heavily damaged.
The wight hits you with a +4 halberd!
* * * LOW HITPOINT WARNING * * *
You feel drained.
You barely miss the wight.
The wight is heavily damaged.
The wight closely misses you.
You closely miss the wight.
The wight is heavily damaged.
The wight hits you with a +4 halberd!
You die...
Kikubaaqudgha rasps: "You have failed me!
Welcome... death!"

.# #.....##.# ###'##....# #..#
.###.....#♣.♣## ##♣.♣#....#
##.##
.#.......##..)###...##....# #..#
###.......##.......##.....###.##
###.......###..<..###.........#
........|.#.##♣.♣##..........##
#####.#####..#####.#.###.....#
......# #........#..##.....#
####### ######@.....##.#####
####### #.z.....#.# ##....#
#.......#.# ##....#
#########.#.# ##....######
#....# #...#
))(....(...###....## ##..#
.#....####.#.......# #..######
.#.......#.#.#.....# #.......#
.#.#####.#.#.#####.# #.......#


You could see a wight.

Vanquished Creatures
  Pikel (D:4)
  2 ogres
  2 centaurs
  A water moccasin zombie (D:6)
  2 crimson imps
  A bullfrog zombie (D:5)
  4 orc priests
  4 hounds
  A jelly (D:2)
  2 bullfrog skeletons
  A centaur skeleton (D:4)
  An iguana (D:5)
  Ijyb (D:4)
  Terence (D:2)
  2 orc wizards (D:4)
  4 worker ants
  A hound skeleton (D:6)
  A hound zombie (D:5)
  6 gnolls
  8 adders
  4 leopard geckos
  16 orcs
  3 giant cockroaches
  11 goblins
  7 hobgoblins
  13 jackals
  5 kobolds
  3 quokkas
  5 bats
  16 frilled lizards
  A leopard gecko skeleton (D:4)
  7 rats
137 creatures vanquished.

Vanquished Creatures (collateral kills)
  A crimson imp (D:6)
1 creature vanquished.

Vanquished Creatures (others)
  2 plants (D:1)
2 creatures vanquished.

Grand Total: 140 creatures vanquished

Notes
Turn   | Place    | Note
-------+----------+-------------------------------------------
     0 | D:1      | Gynju the Demonspawn Ice Elementalist began the quest for
                  | the Orb.
     0 | D:1      | Reached XP level 1. HP: 13/13 MP: 3/3
   341 | D:1      | Reached skill level 3 in Ice Magic
   341 | D:1      | Gained mutation: You have sharp fingernails. [demonic
                  | ancestry]
   341 | D:1      | Reached XP level 2. HP: 19/19 MP: 3/5
  1018 | D:1      | Gained mutation: You are partially covered in iridescent
                  | scales. (AC +2) [demonic ancestry]
  1018 | D:1      | Reached XP level 3. HP: 18/24 MP: 1/7
  1088 | D:2      | Learned a level 2 spell: Throw Frost
  2008 | D:2      | Gained mutation: You are mostly covered in iridescent
                  | scales. (AC +4) [demonic ancestry]
  2008 | D:2      | Reached XP level 4. HP: 29/30 MP: 4/8
  2077 | D:2      | Found a shimmering altar of Xom.
  2079 | D:2      | Found a shimmering altar of Xom.
  2079 | D:2      | Found a shattered altar of Ashenzari.
  2081 | D:2      | Found a shimmering altar of Xom.
  2081 | D:2      | Found a hazy altar of Hepliaklqana.
  2081 | D:2      | Found a sparkling altar of Nemelex Xobeh.
  2374 | D:2      | Noticed Terence
  2417 | D:2      | Killed Terence
  2417 | D:2      | Reached skill level 4 in Ice Magic
  2530 | D:3      | Gained mutation: You regenerate a little health from kills.
                  | [demonic ancestry]
  2530 | D:3      | Reached XP level 5. HP: 35/35 MP: 3/10
  2710 | D:3      | Found a sparkling altar of Nemelex Xobeh.
  3023 | D:3      | Noticed Grinder
  4016 | D:3      | Reached XP level 6. HP: 41/41 MP: 8/12
  4765 | D:4      | Reached skill level 5 in Ice Magic
  4942 | D:4      | Noticed Ijyb
  4969 | D:4      | Killed Ijyb
  5095 | D:4      | Found a staircase to the Ecumenical Temple.
  5102 | Temple   | Entered the Ecumenical Temple
  5234 | Temple   | Became a worshipper of Kikubaaqudgha
  5545 | D:4      | Found a glowing golden altar of the Shining One.
  5564 | D:4      | Reached skill level 5 in Spellcasting
  5752 | D:4      | Reached skill level 1 in Necromancy
  5770 | D:3      | Gained mutation: You are completely covered in iridescent
                  | scales. (AC +6) [demonic ancestry]
  5770 | D:3      | Reached XP level 7. HP: 41/46 MP: 8/14
  6251 | D:4      | Noticed Menkaure
  6375 | D:4      | Noticed Pikel
  6386 | D:4      | Killed Pikel
  6386 | D:4      | Reached skill level 6 in Ice Magic
  6479 | D:5      | Entered Level 5 of the Dungeon
  6519 | D:5      | Gained mutation: When hurt, damage is shared between your
                  | health and your magic reserves. [demonic ancestry]
  6519 | D:5      | Reached XP level 8. HP: 52/52 MP: 11/16
  6897 | D:5      | Found a white marble altar of Elyvilon.
  7047 | D:5      | Reached * piety under Kikubaaqudgha
  7047 | D:5      | Identified Kikubaaqudgha's Compendium of Black Magic
                  | (Kikubaaqudgha gifted it to you on level 5 of the Dungeon)
  7047 | D:5      | Received a gift from Kikubaaqudgha
  7185 | D:5      | Learned a level 1 spell: Animate Skeleton
  8340 | D:6      | Reached skill level 5 in Necromancy
  8558 | D:6      | Reached skill level 7 in Ice Magic
  8753 | D:6      | Found an iron altar of Okawaru.
  9821 | D:5      | HP: 2/52 [wight/+4 halberd (8)]
  9823 | D:5      | Slain by a wight

Levels and vault maps discovered:
D:1:      dpeg_arrival_boxes_within_box, layout_basic, minmay_misc_feat_encased,
          serial_bayou_ford_a, chequers_mini_garden, minmay_lizard_king
D:2:      layout_rooms, first_ration, doesnt_xom_only_xom, uniq_terence
D:3:      layout_loops_corners, nicolae_overflow_crystal_walls, uniq_grinder
D:4:      layout_basic, kennysheep_mini, temple_fountains,
          uniq_crazy_yiuf_cottage, uniq_ijyb, uniq_menkaure, uniq_pikel
D:5:      layout_basic, grunt_ministairs_8, minivault_27, elyvilon_altar_1
D:6:      layout_basic, okawaru_trees_2, kennysheep_generic_room_16
D:7:      layout_loops_corners, slow_altar_1, grunt_ogre_cave,
          makhleb_heckhound_becter
Temple:   dshaligram_water_room_temple

Skill      XL: |  1  2  3  4  5  6  7  8 |
---------------+-------------------------+-----
Ice Magic      | 3 4 5 6 7 |  7.1
Spellcasting   | 3 4 5 6 |  6.8
Necromancy     | 1 3 5 |  5.4
Dodging        | |  1.7
Stealth        | |  1.7
Conjurations   | |  1.0

Action                   |  1- 3 |  4- 6 |  7- 9 || total
-------------------------+-------+-------+-------++-------
Melee: Unarmed           |     1 |     9 |     7 ||    17
       Whip              |    36 |    70 |    69 ||   175
Throw: Stone             |     1 |     1 |     3 ||     5
 Cast: Freeze            |    63 |   100 |   117 ||   280
       Throw Frost       |       |    31 |    22 ||    53
       Animate Skeleton  |       |       |     5 ||     5
 Stab: Sleeping          |     1 |     2 |     1 ||     4
       Confused          |       |     1 |       ||     1
  Eat: Chunk             |     4 |    10 |     8 ||    22
       Ration            |       |     1 |     1 ||     2
Armor: Robe              |    45 |    70 |    66 ||   181
       Skin              |       |     2 |       ||     2
Dodge: Dodged            |   125 |   124 |   109 ||   358

Table legend:
 A = Non-vault XP
 B = Vault XP
 C = Vault XP percentage of total XP
 D = Non-vault monster count
 E = Vault monster count
 F = Vault count percentage of total count
                 A         B        C        D         E       F
            +---------+---------+-------+---------+---------+-------
      Total |    1672 |     850 |  33.7 |     120 |      18 |  13.0
            +---------+---------+-------+---------+---------+-------
        D:1 |      69 |      13 |  15.9 |      26 |      11 |  29.7
        D:2 |     112 |      36 |  24.3 |      22 |       1 |   4.3
        D:3 |     230 |       0 |   0.0 |      29 |       0 |   0.0
        D:4 |     300 |     645 |  68.3 |      15 |       2 |  11.8
        D:5 |     585 |      81 |  12.2 |      18 |       3 |  14.3
        D:6 |     376 |      75 |  16.6 |      10 |       1 |   9.1
            +---------+---------+-------+---------+---------+-------
